 Dungeon Sprint DCSS version 0.22-a0-136-g83a10e5 (webtiles) character file.

274976 esc the Covert (level 12, 75/91 HPs)
             Began as a Gnoll Enchanter on Feb 2, 2018.
             Was the Champion of Lugonu.
             Escaped with the Orb!
             The game lasted 01:03:46 (4524 turns).

esc the Covert (Gnoll Enchanter)                    Turns: 4524, Time: 01:03:47

Health: 75/91      AC: 21    Str: 16    XL:     12   Next: 85%
Magic:  18/25      EV: 18    Int: 17    God:    Lugonu [******]
Gold:   795        SH:  7    Dex: 14    Spells: 15/36 levels left

rFire    + . .     SeeInvis +   b - +0 dagger (distort) {!w}
rCold    . . .     Gourm    .   t - +0 buckler
rNeg     . . .     Faith    .   B - +2 ring mail {rF+}
rPois    .         Spirit   .   s - +0 helmet
rElec    .         Reflect  .   y - +0 cloak (curse)
rCorr    .         Harm     .   n - +2 pair of gloves
MR       .....     NoTele   +   z - +0 pair of boots
Stlth    ++........             o - amulet of rage {+Rage, !d}
HPRegen  0.25/turn              x - ring of see invisible {sInv, !d}
MPRegen  0.19/turn              A - +4 ring of protection

@: hasted, very quick
A: distributed training, fangs 1, blink, clumsy 1, dopey 1, frail 1, low mp 1,
screaming 2, strong 1, subdued magic 1, strong nose
0: Orb of Zot
a: Blink, Bend Space, Banish, Corrupt, Brand Weapon With Distortion, Renounce
Religion, Evoke Berserk Rage


You escaped.
You worshipped Lugonu.
Lugonu was exalted by your worship.
You were hungry.

You visited 1 branch You collected 2691 gold pieces.
You spent 1896 gold pieces at shops.

Inventory:

Hand Weapons
 a - a +1 dagger
 b - a +0 dagger of distortion (weapon) {!w}
   (You took it off Sonja in the Dungeon)
 p - a +0 blowgun
   (You took it off Sonja in the Dungeon)
Missiles
 j - 4 curare-tipped needles
 v - 2 throwing nets {=f, !d}
Armour
 f - a +0 troll leather armour {regen}
   (You found it in the Dungeon)
 n - a +2 pair of gloves (worn)
   (You bought it in a shop in the Dungeon)
 s - a +0 helmet (worn)
   (You bought it in a shop in the Dungeon)
 t - a +0 buckler (worn)
   (You bought it in a shop in the Dungeon)
 y - a cursed +0 cloak (worn)
   (You bought it in a shop in the Dungeon)
 z - a +0 pair of boots (worn)
   (You bought it in a shop in the Dungeon)
 B - a +2 ring mail of fire resistance (worn)
   (You bought it in a shop in the Dungeon)
Magical Staves
 w - an uncursed staff of conjuration {!a}
   (You found it in the Dungeon)
Jewellery
 o - an amulet of rage (around neck) {+Rage, !d}
   (You found it in the Dungeon)
 x - a ring of see invisible (left hand) {sInv, !d}
   (You bought it in a shop in the Dungeon)
 A - a +4 ring of protection (right hand)
   (You bought it in a shop in the Dungeon)
Wands
 i - a wand of disintegration (7)
   (You found it in the Dungeon)
 k - a wand of digging (13)
   (You took it off Ijyb in the Dungeon)
 u - a wand of paralysis (13)
   (You found it in the Dungeon)
Potions
 e - 4 potions of curing
 h - 2 potions of magic
Books
 c - a book of Maledictions
 l - a book of Callings
   (You found it in the Dungeon)
 m - a book of Misfortune
   (You bought it in a shop in the Dungeon)
Comestibles
 d - 5 rations


   Skills:
 + Level 11.9 Fighting
 + Level 12.2 Short Blades
 + Level 11.9 Long Blades
 + Level 11.9 Axes
 + Level 11.9 Maces & Flails
 + Level 11.9 Polearms
 + Level 11.9 Staves
 + Level 11.9 Slings
 + Level 11.9 Bows
 + Level 11.9 Crossbows
 + Level 11.9 Throwing
 + Level 11.9 Armour
 + Level 12.6 Dodging
 + Level 13.1 Stealth
 + Level 11.9 Shields
 + Level 11.9 Unarmed Combat
 + Level 12.8 Spellcasting
 + Level 10.2 Conjurations
 + Level 11.4 Hexes
 + Level 10.2 Charms
 + Level 10.2 Summonings
 + Level 10.2 Necromancy
 + Level 10.2 Translocations
 + Level 10.2 Transmutations
 + Level 10.2 Fire Magic
 + Level 10.2 Ice Magic
 + Level 10.2 Air Magic
 + Level 10.2 Earth Magic
 + Level 10.2 Poison Magic
 + Level 12.9 Invocations
 + Level 11.9 Evocations


You had 15 spell levels left.
You knew the following spells:

 Your Spells              Type           Power        Failure   Level  Hunger
a - Ensorcelled Hibernat  Hex/Ice        #####.       1%          2    None
b - Dazzling Spray        Conj/Hex       #####.       1%          3    None
c - Confuse               Hex            #####...     1%          3    None
d - Summon Lightning Spi  Summ/Air       #####...     1%          4    ##.....
e - Petrify               Tmut/Erth      #####...     1%          4    ##.....
f - Metabolic Englaciati  Hex/Ice        #####.....   2%          5    ####...


Dungeon Overview and Level Annotations

Branches:
Dungeon (1/1)

Altars:
Cheibriados
Dithmenos
Elyvilon
Fedhas
Gozag
Hepliaklqana
Kikubaaqudgha
Makhleb
Nemelex Xobeh
Okawaru
Qazlal
Ru
Sif Muna
Trog
Uskayaw
Vehumet
Wu Jian
Xom
Yredelemnul
Zin
The Shining One
Jiyva
Lugonu

Shops:
D ?[*=[*([[=[:}[%%[[%[=

Annotations:
D corrupted, Tiamat


Innate Abilities, Weirdness & Mutations

Your experience applies equally to all skills.
You have very sharp teeth.
Your uncanny sense of smell can sniff out nearby items.
You can translocate small distances at will.
You are clumsy. (Dex -2)
You are dopey. (Int -2)
You are frail. (-10% HP)
Your magical capacity is low. (-10% MP)
You sometimes yell uncontrollably at your foes.
Your muscles are strong. (Str +2)
Your spells are a little easier to cast, but a little less powerful.


Message History

Things that are here:
a great sword of flaming; a fire giant corpse You butcher the fire giant corpse.
q - 4 chunks of flesh {@w0}
There is an open door, spattered with blood here.
Things that are here:
a great sword of flaming; a fire giant skeleton
r - a great sword of flaming
Things that are here:
a great sword of flaming x2; a necrophage skeleton You drop a great sword of flaming.
You close the door, pushing everything out of the way.
You start resting.
Health restored: 91; MP restored: 25 You open the door.
There is an open door, spattered with blood here.
You see here a fire giant skeleton.
You see here a scale mail.
d - 4 rations (gained 1)
d - 5 rations (gained 1)
You see here 19 bolts.
Okay, then.
Search for what [Enter for "book", or ? for help]? scroll Search for what [Enter for "scroll", or ? for help]? blink Unknown command.
Okay, then.
Tiamat, Avatar of the Dragonlord comes into view.
She is wielding a bardiche of distortion.
Space bends sharply around you!
You blink.
You take 1 damage, and have 90/91 hp.
You now have 24/25 mp.
You see here 19 bolts.
You see here 19 arrows.
Health restored: 91; MP restored: 25 Space bends sharply around you!
You blink.
You take 2 damage, and have 89/91 hp.
You now have 24/25 mp.
You see here 19 arrows.
MP restored: 25 Space bends sharply around you!
You blink.
You take 2 damage, and have 88/91 hp.
You now have 24/25 mp.
You see here 18 stones.
You see here 11 arrows.
MP restored: 25 Space bends sharply around you!
You blink.
You take 2 damage, and have 88/91 hp.
You now have 24/25 mp.
You see here 19 bolts.
MP restored: 25 You see here 19 arrows.
Space bends sharply around you!
You blink.
You take 2 damage, and have 88/91 hp.
You now have 24/25 mp.
You see here the Orb of Zot.
Okay, then.
Okay, then.
You pick up the Orb of Zot!
The Orb lets out a hideous shriek!
The lords of Pandemonium are not amused.
Beware!
Now all you have to do is get back out of the dungeon!
You hear a roar!
Space bends around you!
You blink.
You take 1 damage, and have 87/91 hp.
You now have 23/25 mp.
You see here a fire giant skeleton.
There is an open door, spattered with blood here.
Things that are here:
a great sword of flaming x3
You regained 3 hp, and now have 90/91 hp.
MP restored: 25 The daeva shouts!
The daeva calls down the wrath of the Shining One upon you.
The Shining One smites you!
You take 10 damage, and have 80/91 hp.
There is an open door here.
There is an open door, spattered with blood here.
An orange demon comes into view.
The orange demon seems less confused.
An arrow hits the orange demon!
Okay, then.
You feel yourself speed up.
All of the chunks of flesh in your inventory have rotted away.
You block the orange demon's attack. The orange demon stings you from afar!
You take 8 damage, and have 75/91 hp.
There is an open door here.
There is an open door here.
There is an open door here.
There is an open door, spattered with blood here.
There is an open door here.
There is an open door here.
Things that are here:
a scythe; a robe
There is an open door here.
There is an open door, spattered with blood here.
You see here a giant club.
There is an open door here.
There is a staircase leading out of the dungeon here.
Lugonu's Hand of Corruption reaches out!
You are feeling hungry.
You take 5 damage, and have 75/91 hp.
You now have 18/25 mp.
You have escaped!

## ###X.#b###########
#@XXXvXhD#.)'..#__
#5XGv.XW#.'..#..'..
#.#2Rv33##'#####'#__
#X##X.#XvXXz#...#.###
## 5XX#xeKx##..##§#≈≈
X3#e_xZ__##'#_§§≈≈
#x.q_.X.#.'..._#∆≈
.v3#_..__##_.#'##'
#..#_____###'#.#∆.


You could see a neutral bone dragon (wandering), a neutral starcursed mass
(wandering), 2 neutral tentacled monstrosities, a neutral yellow draconian
knight (wandering), 3 neutral tentacled starspawn, 2 neutral spatial maelstroms,
a neutral green death (wandering), a neutral great orb of eyes (wandering), a
neutral rakshasa (wandering), a neutral deep elf elementalist (wandering), 2
neutral spatial vortices, a neutral deep elf demonologist (wandering), a neutral
thrashing horror, 9 neutral large abominations, a neutral freezing wraith
(wandering), a neutral kobold demonologist, a neutral sixfirhy (wandering), 2
neutral smoke demons, a neutral raiju (wandering), a neutral ynoxinul
(wandering), 4 neutral small abominations, a neutral fire bat, a neutral
insubstantial wisp (wandering), a neutral wight, a neutral quasit (wandering), a
neutral crimson imp (wandering) and a neutral manticore zombie (wandering).

Vanquished Creatures
  3 fire giants (D)
  A deep elf annihilator (D)
  2 centaur warriors (D)
  A hydra (D)
  Sonja (D)
  7 unseen horrors (D)
  A deep troll (D)
  A lindwurm (D)
  3 shining eyes (D)
  An oklob plant (D)
  A merfolk siren (D)
  A gargoyle (D)
  2 kobold demonologists (D)
  A demonic crawler (D)
  A meliai (D)
  5 hornets (D)
  A slime creature (D)
  2 redbacks (D)
  A yak (D)
  Sigmund (D)
  12 hogs (D)
  7 floating eyes (D)
  An ogre (D)
  7 necrophages (D)
  7 jellies (D)
  Ijyb (D)
  3 ballistomycetes (D)
75 creatures vanquished.

Vanquished Creatures (others)
  A fire giant (D)
  4 shining eyes (D)
  A merfolk siren (D)
  A gargoyle (D)
  2 demonic crawlers (D)
  A hog (D)
  A jelly (D)
  2 ballistomycete spores (D)
13 creatures vanquished.

Grand Total: 88 creatures vanquished

Notes
Turn   | Place    | Note
-------+----------+-------------------------------------------
     0 | D        | esc the Gnoll Enchanter began the quest for the Orb.
     0 | D        | Reached XP level 1. HP: 13/13 MP: 6/6
     1 | D        | Noticed Ijyb
     4 | D        | Killed Ijyb
     4 | D        | Reached skill level 1 in Fighting
     4 | D        | Reached skill level 3 in Short Blades
     4 | D        | Reached skill level 1 in Long Blades
     4 | D        | Reached skill level 1 in Axes
     4 | D        | Reached skill level 1 in Maces & Flails
     4 | D        | Reached skill level 1 in Polearms
     4 | D        | Reached skill level 1 in Staves
     4 | D        | Reached skill level 1 in Slings
     4 | D        | Reached skill level 1 in Bows
     4 | D        | Reached skill level 1 in Crossbows
     4 | D        | Reached skill level 1 in Throwing
     4 | D        | Reached skill level 1 in Armour
     4 | D        | Reached skill level 6 in Stealth
     4 | D        | Reached skill level 1 in Shields
     4 | D        | Reached skill level 1 in Unarmed Combat
     4 | D        | Reached skill level 5 in Spellcasting
     4 | D        | Reached skill level 1 in Conjurations
     4 | D        | Reached skill level 1 in Charms
     4 | D        | Reached skill level 1 in Summonings
     4 | D        | Reached skill level 1 in Necromancy
     4 | D        | Reached skill level 1 in Translocations
     4 | D        | Reached skill level 1 in Transmutations
     4 | D        | Reached skill level 1 in Fire Magic
     4 | D        | Reached skill level 1 in Ice Magic
     4 | D        | Reached skill level 1 in Air Magic
     4 | D        | Reached skill level 1 in Earth Magic
     4 | D        | Reached skill level 1 in Poison Magic
     4 | D        | Reached skill level 1 in Invocations
     4 | D        | Reached skill level 1 in Evocations
     4 | D        | Reached XP level 2. HP: 21/21 MP: 8/8
    32 | D        | Noticed an ogre
    37 | D        | Killed an ogre
    37 | D        | Reached skill level 3 in Fighting
    37 | D        | Reached skill level 4 in Short Blades
    37 | D        | Reached skill level 3 in Long Blades
    37 | D        | Reached skill level 3 in Axes
    37 | D        | Reached skill level 3 in Maces & Flails
    37 | D        | Reached skill level 3 in Polearms
    37 | D        | Reached skill level 3 in Staves
    37 | D        | Reached skill level 3 in Slings
    37 | D        | Reached skill level 3 in Bows
    37 | D        | Reached skill level 3 in Crossbows
    37 | D        | Reached skill level 3 in Throwing
    37 | D        | Reached skill level 3 in Armour
    37 | D        | Reached skill level 5 in Dodging
    37 | D        | Reached skill level 3 in Shields
    37 | D        | Reached skill level 3 in Unarmed Combat
    37 | D        | Reached skill level 2 in Conjurations
    37 | D        | Reached skill level 6 in Hexes
    37 | D        | Reached skill level 2 in Charms
    37 | D        | Reached skill level 2 in Summonings
    37 | D        | Reached skill level 2 in Necromancy
    37 | D        | Reached skill level 2 in Translocations
    37 | D        | Reached skill level 2 in Transmutations
    37 | D        | Reached skill level 2 in Fire Magic
    37 | D        | Reached skill level 2 in Ice Magic
    37 | D        | Reached skill level 2 in Air Magic
    37 | D        | Reached skill level 2 in Earth Magic
    37 | D        | Reached skill level 2 in Poison Magic
    37 | D        | Reached skill level 3 in Invocations
    37 | D        | Reached skill level 3 in Evocations
    37 | D        | Reached XP level 3. HP: 15/29 MP: 10/10
    37 | D        | Reached XP level 4. HP: 19/35 MP: 11/11
    50 | D        | Learned a level 2 spell: Ensorcelled Hibernation
    54 | D        | Learned a level 3 spell: Confuse
    58 | D        | Learned a level 3 spell: Dazzling Spray
   222 | D        | Noticed Sigmund
   225 | D        | Killed Sigmund
   225 | D        | Reached skill level 4 in Fighting
   225 | D        | Reached skill level 4 in Long Blades
   225 | D        | Reached skill level 4 in Axes
   225 | D        | Reached skill level 4 in Maces & Flails
   225 | D        | Reached skill level 4 in Polearms
   225 | D        | Reached skill level 4 in Staves
   225 | D        | Reached skill level 4 in Slings
   225 | D        | Reached skill level 4 in Bows
   225 | D        | Reached skill level 4 in Crossbows
   225 | D        | Reached skill level 4 in Throwing
   225 | D        | Reached skill level 4 in Armour
   225 | D        | Reached skill level 6 in Dodging
   225 | D        | Reached skill level 7 in Stealth
   225 | D        | Reached skill level 4 in Shields
   225 | D        | Reached skill level 4 in Unarmed Combat
   225 | D        | Reached skill level 6 in Spellcasting
   225 | D        | Reached skill level 3 in Conjurations
   225 | D        | Reached skill level 3 in Charms
   225 | D        | Reached skill level 3 in Summonings
   225 | D        | Reached skill level 3 in Necromancy
   225 | D        | Reached skill level 3 in Translocations
   225 | D        | Reached skill level 3 in Transmutations
   225 | D        | Reached skill level 3 in Fire Magic
   225 | D        | Reached skill level 3 in Ice Magic
   225 | D        | Reached skill level 3 in Air Magic
   225 | D        | Reached skill level 3 in Earth Magic
   225 | D        | Reached skill level 3 in Poison Magic
   225 | D        | Reached skill level 4 in Invocations
   225 | D        | Reached skill level 4 in Evocations
   225 | D        | Reached XP level 5. HP: 42/42 MP: 12/14
   225 | D        | Reached XP level 6. HP: 48/48 MP: 12/15
   257 | D        | Found an ornate altar of the Wu Jian Council.
   257 | D        | Found a deep blue altar of Sif Muna.
   259 | D        | Found a radiant altar of Vehumet.
   263 | D        | Reached skill level 5 in Short Blades
   292 | D        | Found Vicazit's Jewellery Emporium.
   292 | D        | Found an ancient bone altar of Kikubaaqudgha.
   292 | D        | Found a hazy altar of Hepliaklqana.
   292 | D        | Found a stormy altar of Qazlal.
   292 | D        | Found a hide-covered altar of Uskayaw.
   292 | D        | Found a blossoming altar of Fedhas.
   292 | D        | Found a bloodstained altar of Trog.
   292 | D        | Found an iron altar of Okawaru.
   292 | D        | Found a basalt altar of Yredelemnul.
   292 | D        | Found a glowing golden altar of the Shining One.
   292 | D        | Found a snail-covered altar of Cheibriados.
   292 | D        | Found a sacrificial altar of Ru.
   292 | D        | Found a glowing silver altar of Zin.
   292 | D        | Found a shadowy altar of Dithmenos.
   292 | D        | Found a white marble altar of Elyvilon.
   292 | D        | Noticed a yak
   293 | D        | Found an opulent altar of Gozag.
   294 | D        | Killed a yak
   294 | D        | Reached skill level 5 in Fighting
   294 | D        | Reached skill level 5 in Long Blades
   294 | D        | Reached skill level 5 in Axes
   294 | D        | Reached skill level 5 in Maces & Flails
   294 | D        | Reached skill level 5 in Polearms
   294 | D        | Reached skill level 5 in Staves
   294 | D        | Reached skill level 5 in Slings
   294 | D        | Reached skill level 5 in Bows
   294 | D        | Reached skill level 5 in Crossbows
   294 | D        | Reached skill level 5 in Throwing
   294 | D        | Reached skill level 5 in Armour
   294 | D        | Reached skill level 5 in Shields
   294 | D        | Reached skill level 5 in Unarmed Combat
   294 | D        | Reached skill level 7 in Spellcasting
   294 | D        | Reached skill level 4 in Conjurations
   294 | D        | Reached skill level 4 in Charms
   294 | D        | Reached skill level 4 in Summonings
   294 | D        | Reached skill level 4 in Necromancy
   294 | D        | Reached skill level 4 in Translocations
   294 | D        | Reached skill level 4 in Transmutations
   294 | D        | Reached skill level 4 in Fire Magic
   294 | D        | Reached skill level 4 in Ice Magic
   294 | D        | Reached skill level 4 in Air Magic
   294 | D        | Reached skill level 4 in Earth Magic
   294 | D        | Reached skill level 4 in Poison Magic
   294 | D        | Reached skill level 5 in Invocations
   294 | D        | Reached skill level 5 in Evocations
   294 | D        | Reached XP level 7. HP: 56/56 MP: 15/17
   295 | D        | Found a sparkling altar of Nemelex Xobeh.
   311 | D        | Found a viscous altar of Jiyva.
   311 | D        | Found a corrupted altar of Lugonu.
   311 | D        | Noticed a slime creature
   312 | D        | Found a burning altar of Makhleb.
   312 | D        | Found a shimmering altar of Xom.
   316 | D        | Killed a slime creature
   316 | D        | Reached skill level 6 in Short Blades
   316 | D        | Reached skill level 7 in Dodging
   316 | D        | Reached skill level 8 in Stealth
   316 | D        | Reached skill level 7 in Hexes
   316 | D        | Reached skill level 6 in Invocations
   348 | D        | Noticed a kobold demonologist
   349 | D        | Noticed a kobold demonologist
   357 | D        | Killed a kobold demonologist
   357 | D        | Reached skill level 6 in Fighting
   357 | D        | Reached skill level 6 in Long Blades
   357 | D        | Reached skill level 6 in Axes
   357 | D        | Reached skill level 6 in Maces & Flails
   357 | D        | Reached skill level 6 in Polearms
   357 | D        | Reached skill level 6 in Staves
   357 | D        | Reached skill level 6 in Slings
   357 | D        | Reached skill level 6 in Bows
   357 | D        | Reached skill level 6 in Crossbows
   357 | D        | Reached skill level 6 in Throwing
   357 | D        | Reached skill level 6 in Armour
   357 | D        | Reached skill level 6 in Shields
   357 | D        | Reached skill level 6 in Unarmed Combat
   357 | D        | Reached skill level 8 in Spellcasting
   357 | D        | Reached skill level 5 in Conjurations
   357 | D        | Reached skill level 5 in Charms
   357 | D        | Reached skill level 5 in Summonings
   357 | D        | Reached skill level 5 in Necromancy
   357 | D        | Reached skill level 5 in Translocations
   357 | D        | Reached skill level 5 in Transmutations
   357 | D        | Reached skill level 5 in Fire Magic
   357 | D        | Reached skill level 5 in Ice Magic
   357 | D        | Reached skill level 5 in Air Magic
   357 | D        | Reached skill level 5 in Earth Magic
   357 | D        | Reached skill level 5 in Poison Magic
   357 | D        | Reached skill level 6 in Evocations
   357 | D        | Reached XP level 8. HP: 62/64 MP: 10/20
   359 | D        | Noticed a red devil
   363 | D        | Killed a kobold demonologist
   363 | D        | Reached skill level 7 in Short Blades
   363 | D        | Reached skill level 8 in Dodging
   363 | D        | Reached skill level 7 in Invocations
   472 | D        | Noticed a demonic crawler
   472 | D        | Noticed a demonic crawler
   472 | D        | Noticed a demonic crawler
   472 | D        | Noticed a demonic crawler
   482 | D        | Became a worshipper of Lugonu the Unformed
   482 | D        | Reached * piety under Lugonu
   687 | D        | Noticed Sonja
   691 | D        | Killed Sonja
   691 | D        | Reached skill level 7 in Fighting
   691 | D        | Reached skill level 7 in Long Blades
   691 | D        | Reached skill level 7 in Axes
   691 | D        | Reached skill level 7 in Maces & Flails
   691 | D        | Reached skill level 7 in Polearms
   691 | D        | Reached skill level 7 in Staves
   691 | D        | Reached skill level 7 in Slings
   691 | D        | Reached skill level 7 in Bows
   691 | D        | Reached skill level 7 in Crossbows
   691 | D        | Reached skill level 7 in Throwing
   691 | D        | Reached skill level 7 in Armour
   691 | D        | Reached skill level 9 in Stealth
   691 | D        | Reached skill level 7 in Shields
   691 | D        | Reached skill level 7 in Unarmed Combat
   691 | D        | Reached skill level 8 in Hexes
   691 | D        | Reached skill level 7 in Evocations
   691 | D        | Reached XP level 9. HP: 72/72 MP: 21/21
   744 | D        | HP: 15/72 [something (33)]
  1018 | D        | Found Icatagre's Magic Scroll Boutique.
  1043 | D        | Noticed a deep troll
  1052 | D        | HP: 9/72 [deep troll (19)]
  1055 | D        | Killed a deep troll
  1055 | D        | Reached skill level 8 in Short Blades
  1055 | D        | Reached skill level 9 in Spellcasting
  1055 | D        | Reached skill level 6 in Conjurations
  1055 | D        | Reached skill level 6 in Charms
  1055 | D        | Reached skill level 6 in Summonings
  1055 | D        | Reached skill level 6 in Necromancy
  1055 | D        | Reached skill level 6 in Translocations
  1055 | D        | Reached skill level 6 in Transmutations
  1055 | D        | Reached skill level 6 in Fire Magic
  1055 | D        | Reached skill level 6 in Ice Magic
  1055 | D        | Reached skill level 6 in Air Magic
  1055 | D        | Reached skill level 6 in Earth Magic
  1055 | D        | Reached skill level 6 in Poison Magic
  1055 | D        | Reached skill level 8 in Invocations
  1078 | D        | Killed a gargoyle
  1136 | D        | Found Wumm's Armour Emporium.
  1140 | D        | Bought a +0 helmet for 45 gold pieces
  1140 | D        | Bought a +0 buckler for 45 gold pieces
  1166 | D        | Noticed a centaur warrior
  1166 | D        | Noticed a centaur warrior
  1169 | D        | Killed a centaur warrior
  1169 | D        | Reached ** piety under Lugonu
  1169 | D        | Reached skill level 8 in Fighting
  1169 | D        | Reached skill level 8 in Long Blades
  1169 | D        | Reached skill level 8 in Axes
  1169 | D        | Reached skill level 8 in Maces & Flails
  1169 | D        | Reached skill level 8 in Polearms
  1169 | D        | Reached skill level 8 in Staves
  1169 | D        | Reached skill level 8 in Slings
  1169 | D        | Reached skill level 8 in Bows
  1169 | D        | Reached skill level 8 in Crossbows
  1169 | D        | Reached skill level 8 in Throwing
  1169 | D        | Reached skill level 8 in Armour
  1169 | D        | Reached skill level 9 in Dodging
  1169 | D        | Reached skill level 10 in Stealth
  1169 | D        | Reached skill level 8 in Shields
  1169 | D        | Reached skill level 8 in Unarmed Combat
  1169 | D        | Reached skill level 8 in Evocations
  1172 | D        | Killed a centaur warrior
  1172 | D        | Reached skill level 9 in Invocations
  1172 | D        | Reached XP level 10. HP: 74/80 MP: 18/23
  1201 | D        | Reached skill level 7 in Conjurations
  1201 | D        | Reached skill level 9 in Hexes
  1201 | D        | Reached skill level 7 in Charms
  1201 | D        | Reached skill level 7 in Summonings
  1201 | D        | Reached skill level 7 in Necromancy
  1201 | D        | Reached skill level 7 in Translocations
  1201 | D        | Reached skill level 7 in Transmutations
  1201 | D        | Reached skill level 7 in Fire Magic
  1201 | D        | Reached skill level 7 in Ice Magic
  1201 | D        | Reached skill level 7 in Air Magic
  1201 | D        | Reached skill level 7 in Earth Magic
  1201 | D        | Reached skill level 7 in Poison Magic
  1212 | D        | Noticed an oklob plant
  1214 | D        | Killed an oklob plant
  1214 | D        | Reached skill level 9 in Short Blades
  1222 | D        | Reached *** piety under Lugonu
  1222 | D        | Reached skill level 10 in Spellcasting
  1282 | D        | Bought an uncursed ring of see invisible for 165 gold pieces
  1308 | D        | Noticed an unseen horror
  1308 | D        | Noticed an unseen horror
  1312 | D        | Killed an unseen horror
  1312 | D        | Reached skill level 9 in Fighting
  1312 | D        | Reached skill level 9 in Long Blades
  1312 | D        | Reached skill level 9 in Axes
  1312 | D        | Reached skill level 9 in Maces & Flails
  1312 | D        | Reached skill level 9 in Polearms
  1312 | D        | Reached skill level 9 in Staves
  1312 | D        | Reached skill level 9 in Slings
  1312 | D        | Reached skill level 9 in Bows
  1312 | D        | Reached skill level 9 in Crossbows
  1312 | D        | Reached skill level 9 in Throwing
  1312 | D        | Reached skill level 9 in Armour
  1312 | D        | Reached skill level 10 in Dodging
  1312 | D        | Reached skill level 9 in Shields
  1312 | D        | Reached skill level 9 in Unarmed Combat
  1312 | D        | Reached skill level 9 in Evocations
  1315 | D        | Killed an unseen horror
  1335 | D        | Reached **** piety under Lugonu
  1335 | D        | Reached skill level 10 in Invocations
  1362 | D        | Reached ***** piety under Lugonu
  1460 | D        | Reached skill level 11 in Stealth
  1515 | D        | Found Tulu's Antique Armour Shoppe.
  1515 | D        | Found Junus's Weapon Shop.
  1515 | D        | Found Dinnurosk's Armour Boutique.
  1519 | D        | Found Buptov's Jewellery Emporium.
  1519 | D        | Found Immas's Antique Armour Shop.
  1519 | D        | Found Taskotsa's Book Shoppe.
  1519 | D        | Found Zuofit's Gadget Boutique.
  1519 | D        | Found Nofanges's Armour Emporium.
  1519 | D        | Found Muni's Food Shop.
  1519 | D        | Found Waoggoxi's Food Shoppe.
  1523 | D        | Found Bilic's Armour Boutique.
  1524 | D        | Found Lydas's Food Emporium.
  1524 | D        | Found Junus's Armour Boutique.
  1525 | D        | Found Owiachaj's Jewellery Emporium.
  1548 | D        | Bought a pair of glowing gloves for 195 gold pieces
  1555 | D        | Bought a cloak for 85 gold pieces
  1565 | D        | Bought a +0 pair of boots for 45 gold pieces
  1574 | D        | Bought a +4 ring of protection for 468 gold pieces
  1609 | D        | Bought a ration for 55 gold pieces
  1609 | D        | Bought a ration for 55 gold pieces
  1609 | D        | Bought a ration for 55 gold pieces
  1647 | D        | Noticed a shining eye
  1647 | D        | Noticed a shining eye
  1647 | D        | Noticed a shining eye
  1648 | D        | Noticed a shining eye
  1648 | D        | Noticed a shining eye
  1648 | D        | Noticed a shining eye
  1649 | D        | Noticed a shining eye
  1649 | D        | Noticed a shining eye
  1649 | D        | Gained mutation: Armour fits poorly on your strangely shaped body. [a shining eye]
  1650 | D        | Killed a shining eye
  1650 | D        | Reached XP level 11. HP: 89/89 MP: 25/25
  1651 | D        | Paralysed by a floating eye for 2 turns
  1652 | D        | Gained mutation: You are dopey. (Int -2) [a shining eye]
  1653 | D        | Reached ****** piety under Lugonu
  1653 | D        | Reached skill level 8 in Conjurations
  1653 | D        | Reached skill level 8 in Charms
  1653 | D        | Reached skill level 8 in Summonings
  1653 | D        | Reached skill level 8 in Necromancy
  1653 | D        | Reached skill level 8 in Translocations
  1653 | D        | Reached skill level 8 in Transmutations
  1653 | D        | Reached skill level 8 in Fire Magic
  1653 | D        | Reached skill level 8 in Ice Magic
  1653 | D        | Reached skill level 8 in Air Magic
  1653 | D        | Reached skill level 8 in Earth Magic
  1653 | D        | Reached skill level 8 in Poison Magic
  1654 | D        | Gained mutation: Your spells are a little easier to cast, but a little less powerful. [a shining eye]
  1656 | D        | Gained mutation: You are frail. (-10% HP) [a shining eye]
  1658 | D        | Paralysed by a floating eye for 2 turns
  1660 | D        | Gained mutation: Your magical capacity is low. (-10% MP) [a shining eye]
  1670 | D        | Banished a shining eye
  1670 | D        | Reached skill level 10 in Short Blades
  1670 | D        | Gained mutation: You occasionally shout uncontrollably at your foes. [a shining eye]
  1672 | D        | Paralysed by a floating eye for 3 turns
  1675 | D        | Gained mutation: You sometimes yell uncontrollably at your foes. [a shining eye]
  1679 | D        | Gained mutation: Your muscles are strong. (Str +2) [a shining eye]
  1679 | D        | Paralysed by a floating eye for 4 turns
  1689 | D        | Banished a shining eye
  1693 | D        | Paralysed by a floating eye for 3 turns
  1694 | D        | Gained mutation: You can translocate small distances at will. [a shining eye]
  1695 | D        | Lost mutation: Armour fits poorly on your strangely shaped body. [a shining eye]
  1697 | D        | Killed a shining eye
  1701 | D        | Gained mutation: You are clumsy. (Dex -2) [a shining eye]
  1714 | D        | Killed a shining eye
  1714 | D        | Reached skill level 11 in Spellcasting
  1715 | D        | Killed a shining eye
  1717 | D        | Found Xuedenei's Armour Shoppe.
  1717 | D        | Found Dicwal's Assorted Antiques.
  1718 | D        | Found Nomneebb's Armour Shop.
  1718 | D        | Found Ihuipt's Assorted Antiques.
  1736 | D        | Bought a bubbling inky potion for 27 gold pieces
  1736 | D        | Bought 3 fuming pink potions for 83 gold pieces
  1746 | D        | Bought a golden potion for 19 gold pieces
  1795 | D        | Killed a shining eye
  1795 | D        | Reached skill level 10 in Hexes
  1851 | D        | Reached skill level 10 in Fighting
  1851 | D        | Reached skill level 10 in Long Blades
  1851 | D        | Reached skill level 10 in Axes
  1851 | D        | Reached skill level 10 in Maces & Flails
  1851 | D        | Reached skill level 10 in Polearms
  1851 | D        | Reached skill level 10 in Staves
  1851 | D        | Reached skill level 10 in Slings
  1851 | D        | Reached skill level 10 in Bows
  1851 | D        | Reached skill level 10 in Crossbows
  1851 | D        | Reached skill level 10 in Throwing
  1851 | D        | Reached skill level 10 in Armour
  1851 | D        | Reached skill level 10 in Shields
  1851 | D        | Reached skill level 10 in Unarmed Combat
  1851 | D        | Reached skill level 10 in Evocations
  1873 | D        | Reached skill level 11 in Dodging
  1977 | D        | Learned a level 4 spell: Summon Lightning Spire
  1987 | D        | Noticed a lindwurm
  1989 | D        | Killed a lindwurm
  1989 | D        | Reached skill level 11 in Invocations
  2172 | D        | esc: @??floating eye
  2172 | D        | beem: floating eye (G)
                  | Spd:
    10 | HD: 9    | HP: 12-19
                  | AC/EV: 0/1
                  | see invisible, fly, unbreathing
                  | Res: magic(10), drown
                  | XP: 142
                  | Sp: paralysis gaze [!sil]
                  | Sz: Medium
                  | Int: brainless.
  2173 | D        | Noticed a 12-headed hydra
  2175 | D        | Killed a 12-headed hydra
  2175 | D        | Reached skill level 12 in Stealth
  2175 | D        | Reached skill level 9 in Conjurations
  2175 | D        | Reached skill level 9 in Charms
  2175 | D        | Reached skill level 9 in Summonings
  2175 | D        | Reached skill level 9 in Necromancy
  2175 | D        | Reached skill level 9 in Translocations
  2175 | D        | Reached skill level 9 in Transmutations
  2175 | D        | Reached skill level 9 in Fire Magic
  2175 | D        | Reached skill level 9 in Ice Magic
  2175 | D        | Reached skill level 9 in Air Magic
  2175 | D        | Reached skill level 9 in Earth Magic
  2175 | D        | Reached skill level 9 in Poison Magic
  2201 | D        | Noticed a daeva
  2222 | D        | Reached skill level 11 in Short Blades
  2274 | D        | Bought a +2 ring mail of fire resistance for 294 gold pieces
  2397 | D        | Noticed a shadow dragon
  2397 | D        | Noticed a golden dragon
  2420 | D        | Noticed a deep elf annihilator
  2869 | D        | Reached XP level 12. HP: 47/89 MP: 7/25
  3242 | D        | Killed a deep elf annihilator
  3306 | D        | Noticed a mummy priest
  3594 | D        | Bought a book of Misfortune for 260 gold pieces
  3599 | D        | Learned a level 4 spell: Petrify
  3704 | D        | esc: @??mummy priest
  3704 | D        | beem: mummy priest (M)
                  | Spd:
     8 | HD: 10   | HP: 55-77
                  | AC/EV: 8/7
                  | Dam: 30
                  | undead, weapons, items, doors, priest, evil, see invisible, unbreathing
                  | Res: magic(120), cold, elec, poison+++, drown, rot+++, neg+++, torm
                  | Vul: holy
                  | XP: 1091
                  | Sp: sum.demon [!AM], sum.undead [!AM], smiting (7-17) [!AM], s.torment [!AM]
                  | Sz: Medium
                  | Int: human.
  3704 | D        | esc: @??daeva
  3704 | D        | beem: daeva (A)
                  | Spd:
    10 | HD: 14   | HP: 95-144
                  | AC/EV: 10/11
                  | Dam: 25, 10
                  | holy, weapons, items, doors, fighter, see invisible, fly
                  | Res: magic(140), poison, rot, neg+++, holy+++
                  | XP: 1865
                  | Sp: smiting (7-17) [!sil]
                  | Sz: Medium
                  | Int: human.
  3727 | D        | Noticed a lorocyproca
  3728 | D        | esc: @??lorocyproca
  3728 | D        | beem: lorocyproca (2)
                  | Spd:
    10 | HD: 14   | HP: 63-93
                  | AC/EV: 10/12
                  | Dam: 40(antimagic)
                  | demonic, doors, evil, see invisible
                  | Res: magic(140), fire, cold, elec, poison, rot, neg+++, torm
                  | Vul: holy
                  | XP:
  1271 | Sz: Medium | Int: human.
  3755 | D        | Reached skill level 11 in Fighting
  3755 | D        | Reached skill level 11 in Long Blades
  3755 | D        | Reached skill level 11 in Axes
  3755 | D        | Reached skill level 11 in Maces & Flails
  3755 | D        | Reached skill level 11 in Polearms
  3755 | D        | Reached skill level 11 in Staves
  3755 | D        | Reached skill level 11 in Slings
  3755 | D        | Reached skill level 11 in Bows
  3755 | D        | Reached skill level 11 in Crossbows
  3755 | D        | Reached skill level 11 in Throwing
  3755 | D        | Reached skill level 11 in Armour
  3755 | D        | Reached skill level 11 in Shields
  3755 | D        | Reached skill level 11 in Unarmed Combat
  3755 | D        | Reached skill level 11 in Evocations
  3834 | D        | esc: @??golden dragon
  3834 | D        | beem: golden dragon (D)
                  | Spd:
    10 | HD: 18   | HP: 86-126
                  | AC/EV: 15/7
                  | Dam: 40, 20(claw), 20(trample)
                  | see invisible, fly
                  | Res: magic(180), fire, cold, elec, poison, drown
                  | Chunks: noxious
                  | XP: 4178
                  | Sp: b.fire (3d27) [!AM, !sil, breath], b.cold (3d27) [!AM, !sil, breath], poisonous cloud (3d11) [!AM, !sil, breath]
                  | Sz: Giant
                  | Int: animal.
  3860 | D        | Reached skill level 12 in Spellcasting
  3863 | D        | Reached skill level 12 in Invocations
  3865 | D        | Reached skill level 12 in Dodging
  3868 | D        | Reached skill level 11 in Hexes
  3953 | D        | Noticed a fire giant
  3956 | D        | Noticed a fire giant
  3970 | D        | Killed a fire giant
  3975 | D        | Killed a fire giant
  3975 | D        | Reached skill level 10 in Conjurations
  3975 | D        | Reached skill level 10 in Charms
  3975 | D        | Reached skill level 10 in Summonings
  3975 | D        | Reached skill level 10 in Necromancy
  3975 | D        | Reached skill level 10 in Translocations
  3975 | D        | Reached skill level 10 in Transmutations
  3975 | D        | Reached skill level 10 in Fire Magic
  3975 | D        | Reached skill level 10 in Ice Magic
  3975 | D        | Reached skill level 10 in Air Magic
  3975 | D        | Reached skill level 10 in Earth Magic
  3975 | D        | Reached skill level 10 in Poison Magic
  3985 | D        | Noticed a fire giant
  4002 | D        | Noticed a fire giant
  4006 | D        | Banished a fire giant
  4006 | D        | Reached skill level 12 in Short Blades
  4006 | D        | Reached skill level 13 in Stealth
  4255 | D        | Learned a level 5 spell: Metabolic Englaciation
  4277 | D        | Killed a fire giant
  4432 | D        | Noticed Tiamat
  4461 | D        | Got the Orb of Zot
  4522 | D        | Corrupted D
  4522 | D        | Noticed a tentacled starspawn
  4522 | D        | Noticed a rakshasa
  4522 | D        | Noticed a large abomination
  4522 | D        | Noticed a tentacled monstrosity
  4522 | D        | Noticed a tentacled starspawn
  4522 | D        | Noticed a great orb of eyes
  4522 | D        | Noticed a green death
  4522 | D        | Noticed a yellow draconian knight
  4522 | D        | Noticed a tentacled monstrosity
  4522 | D        | Noticed a deep elf demonologist
  4522 | D        | Noticed a tentacled starspawn
  4524 | D        | Noticed a starcursed mass
  4524 | D        | Noticed a bone dragon
  4524 | D        | Noticed a deep elf elementalist
  4524 | D        | Noticed a thrashing horror
  4524 | D        | Escaped with the Orb!

Vault maps used:
D:        dungeon_sprint_1

Skill      XL: |  1  2  3  4  5  6  7  8  9 10 11 12 |
---------------+-------------------------------------+-----
Fighting       | 1 3 4 5 6 7 8 9 10 11 | 11.9
Short Blades   | 3 4 5 6 7 8 9 11 12 | 12.2
Long Blades    | 1 3 4 5 6 7 8 9 10 11 | 11.9
Axes           | 1 3 4 5 6 7 8 9 10 11 | 11.9
Maces & Flails | 1 3 4 5 6 7 8 9 10 11 | 11.9
Polearms       | 1 3 4 5 6 7 8 9 10 11 | 11.9
Staves         | 1 3 4 5 6 7 8 9 10 11 | 11.9
Slings         | 1 3 4 5 6 7 8 9 10 11 | 11.9
Bows           | 1 3 4 5 6 7 8 9 10 11 | 11.9
Crossbows      | 1 3 4 5 6 7 8 9 10 11 | 11.9
Throwing       | 1 3 4 5 6 7 8 9 10 11 | 11.9
Armour         | 1 3 4 5 6 7 8 9 10 11 | 11.9
Stealth        | 6 7 8 9 10 11 12 13 | 13.1
Shields        | 1 3 4 5 6 7 8 9 10 11 | 11.9
Unarmed Combat | 1 3 4 5 6 7 8 9 10 11 | 11.9
Spellcasting   | 5 6 7 8 9 10 11 12 | 12.8
Conjurations   | 1 2 3 4 5 6 7 9 10 | 10.2
Charms         | 1 2 3 4 5 6 7 9 10 | 10.2
Summonings     | 1 2 3 4 5 6 7 9 10 | 10.2
Necromancy     | 1 2 3 4 5 6 7 9 10 | 10.2
Translocations | 1 2 3 4 5 6 7 9 10 | 10.2
Transmutations | 1 2 3 4 5 6 7 9 10 | 10.2
Fire Magic     | 1 2 3 4 5 6 7 9 10 | 10.2
Ice Magic      | 1 2 3 4 5 6 7 9 10 | 10.2
Air Magic      | 1 2 3 4 5 6 7 9 10 | 10.2
Earth Magic    | 1 2 3 4 5 6 7 9 10 | 10.2
Poison Magic   | 1 2 3 4 5 6 7 9 10 | 10.2
Invocations    | 1 3 4 5 6 7 9 10 11 12 | 12.9
Evocations     | 1 3 4 5 6 7 8 9 10 11 | 11.9
Dodging        | 5 6 7 8 9 10 11 12 | 12.6
Hexes          | 6 7 8 9 10 11 | 11.4

Action                   |  1- 3 |  4- 6 |  7- 9 | 10-12 || total
-------------------------+-------+-------+-------+-------++-------
Melee: Dagger            |     5 |     3 |    46 |   158 ||   212
       Bite              |       |       |     5 |    19 ||    24
       Punch             |       |       |     1 |       ||     1
 Fire: Blowgun           |       |       |     3 |       ||     3
Throw: Throwing net      |       |       |       |     2 ||     2
 Cast: Ensorcelled Hiber |       |     2 |    17 |    56 ||    75
       Dazzling Spray    |       |       |     1 |    26 ||    27
       Confuse           |       |       |       |    14 ||    14
       Summon Lightning  |       |       |       |     6 ||     6
Invok: Bend Space        |       |       |       |     6 ||     6
       Corrupt           |       |       |       |     1 ||     1
Evoke: Wand              |     1 |       |       |     2 ||     3
  Use: Potion            |     1 |       |     1 |     8 ||    10
       Scroll            |       |       |     1 |     3 ||     4
 Stab: Sleeping          |     1 |     3 |     8 |    41 ||    53
       Confused          |       |       |       |     4 ||     4
       Invisible         |       |       |       |     2 ||     2
  Eat: Chunk             |       |       |     1 |       ||     1
       Ration            |       |       |       |     3 ||     3
Armor: Robe              |       |       |     2 |       ||     2
       Ring mail         |       |       |     3 |     6 ||     9
       Troll leather arm |       |       |       |    14 ||    14
       Skin              |       |       |       |     1 ||     1
Dodge: Dodged            |     1 |       |    37 |    66 ||   104
Block: Buckler           |       |       |     2 |    26 ||    28

Table legend:
 A = Spawn XP
 B = Non-spawn XP
 C = Spawn XP percentage of total XP
 D = Spawn monster count
 E = Non-spawn monster count
 F = Spawn count percentage of total count
 G = Total turns spent on level
                    A         B        C        D         E        F      G
               +---------+---------+-------+---------+---------+-------+---------
         Total |       0 |   29966 |   0.0 |       0 |      82 |   0.0 |  4524
               +---------+---------+-------+---------+---------+-------+---------
             D |       0 |   29966 |   0.0 |       0 |      82 |   0.0 |  4524
               +---------+---------+-------+---------+---------+-------+---------

Vault maps used:
D:        dungeon_sprint_1

Table legend:
 A = Turns spent in this place as a percentage of turns spent in the entire game.
 B = Non-inter-level travel turns spent in this place as a percentage of non-inter-level travel turns spent in the entire game.
 C = Inter-level travel turns spent in this place as a percentage of turns spent in this place.
 D = Turns resting spent in this place as a percentage of non-inter-level travel turns spent in this place.
 E = Turns spent auto-exploring this place as a percentage of non-inter-level travel turns spent in this place.
 F = Non-inter-level travel turns spent in this place divided by the number of levels of this place that you've seen.
                   A       B       C       D       E      F
               +-------+-------+-------+-------+-------+----------------------
         Total | 100.0 | 100.0 |   5.7 |  54.0 |   0.0 | 4266.0
       Dungeon | 100.0 | 100.0 |   5.7 |  54.0 |   0.0 | 4266.0
               +-------+-------+-------+-------+-------+----------------------

Table legend:
 A = Kills in this place as a percentage of kills in entire the game.
 B = Kills by you in this place as a percentage of kills by you in the entire game.
 C = Kills by friends in this place as a percentage of kills by friends in the entire game.
 D = Other kills in this place as a percentage of other kills in the entire game.
 E = Experience gained in this place as a percentage of experience gained in the entire game.
 F = Experience gained in this place divided by the number of levels of this place that you have seen.
                   A       B       C       D       E      F
               +-------+-------+-------+-------+-------+----------------------
         Total | 100.0 | 100.0 |   N/A | 100.0 | 100.0 | 29966.0
       Dungeon | 100.0 | 100.0 |   N/A | 100.0 | 100.0 | 29966.0
               +-------+-------+-------+-------+-------+----------------------
